 Dungeon Crawl Stone Soup version 0.19-a0-645-gfd18b6f (console) character file.

188 FoCheiMinh the Chopper (level 6, -11/47 HPs)
             Began as a Formicid Fighter on June 14, 2016.
             Killed by divine providence
             ... invoked by an orc priest
              (15 damage)
             ... on level 6 of the Dungeon.
             The game lasted 00:11:30 (3254 turns).

FoCheiMinh the Chopper (Formicid Fighter)           Turns: 3254, Time: 00:11:30

Health: -11/47     AC: 10    Str: 26    XL:     6   Next: 0%
Magic:  6/6        EV:  8    Int: 10    God:
Gold:   95         SH: 10    Dex: 12    Spells: 0 memorised, 5 levels left

rFire  . . .     SeeInvis +     a - +0 war axe
rCold  . . .     Gourm    .     b - +0 scale mail
rNeg   . . .     Faith    .     c - +0 shield
rPois  .         Spirit   .     (helmet unavailable)
rElec  .         Dismiss  .     q - +0 cloak
rCorr  .         Reflect  .     (no gloves)
SustAt .         Harm     .     (no boots)
MR     .....                    (no amulet)
Stlth  ..........               t - +2 ring of protection
                                o - +3 ring of intelligence

@: mighty, not resistant to hostile enchantments, extremely unstealthy
A: permanent stasis, dig shafts and tunnels, four strong arms, antennae 3
a: Dig, Shaft Self


You were on level 6 of the Dungeon.
You were not hungry.

You visited 1 branch of the dungeon, and saw 4 of its levels.

You collected 95 gold pieces.

Inventory:

Hand Weapons
 a - a +0 war axe (weapon)
 g - a +0 mace
 x - a cursed -1 hand axe
Missiles
 h - 46 arrows
 i - 46 bolts
 l - 95 stones (quivered)
 w - 34 poisoned needles
Armour
 b - a +0 scale mail (worn)
 c - a +0 shield (worn)
 q - a +0 cloak (worn)
 E - a +0 buckler
Jewellery
 o - a +3 ring of intelligence (left hand)
 t - a +2 ring of protection (right hand)
Scrolls
 k - a scroll of random uselessness {unknown}
 n - a scroll of recharging {unknown}
 p - 2 scrolls of teleportation {unknown}
 s - 2 scrolls of remove curse {unknown}
 y - a scroll of fear {unknown}
 z - a scroll of noise {unknown}
 A - 3 scrolls of identify {unknown}
Potions
 d - 2 potions of might
 e - a potion of curing {unknown}
 j - 2 potions of heal wounds {unknown}
 u - a potion of haste {unknown}
 v - a potion of mutation {unknown}
 D - a potion of degeneration {unknown}
Comestibles
 f - 3 bread rations
 m - a slice of pizza
 r - 2 royal jellies
 B - 2 chunks of flesh
 C - a meat ration


   Skills:
 - Level 3.2 Fighting
 + Level 5.7 Axes
 - Level 3.2 Armour
 - Level 3.6 Shields


You had 5 spell levels left.
You didn't know any spells.

Dungeon Overview and Level Annotations

Branches:
Dungeon (3/15)

Altars:
Qazlal
Ru

Annotations:
D:3 butimsolazy's ghost, weakling MiGl


Innate Abilities, Weirdness & Mutations

You are under a permanent stasis effect.
You can dig through walls and to a lower floor.
Your four strong arms can wield two-handed weapons with a shield.
You have a pair of large antennae on your head. (SInv)


Message History

You block the orc warrior's attack.
You hit the orc warrior but do no damage.
The orc warrior is lightly wounded.
The orc priest mumbles some strange prayers to Beogh against you.
Beogh smites you!
The orc priest miscasts a cantrip.
The orc warrior hits you with a scimitar!
You slash the orc warrior!
The orc warrior is heavily wounded.
The orc warrior closely misses you.
You closely miss the orc warrior.
The orc warrior is heavily wounded.
The orc warrior hits you with a scimitar!!
* * * LOW HITPOINT WARNING * * *
You barely miss the orc warrior.
The orc warrior is heavily wounded.
The orc warrior barely misses you.
The orc priest mumbles some strange prayers to Beogh against you.
Beogh smites you!
You die...

#.#.#
#.#.#
#.#.#
#.#.#
#.#.#
#.#.#
#>#.#
########.#
...oooo@.#
.#########


You could see an orc warrior and 3 orc priests.

Vanquished Creatures
  A jelly (D:6)
  An orc priest (D:6)
  6 adders
  An adder skeleton (D:3)
  4 dart slugs
  A worm (D:2)
  4 giant geckos
  3 giant cockroaches
  2 goblins (D:1)
  9 hobgoblins
  3 jackals (D:2)
  A quokka (D:2)
  A ball python (D:1)
  10 bats
  A giant newt (D:2)
  5 kobolds
  9 rats
62 creatures vanquished.

Notes
Turn   | Place    | Note
--------------------------------------------------------------
     0 | D:1      | FoCheiMinh the Formicid Fighter began the quest for the Orb.
     0 | D:1      | Reached XP level 1. HP: 18/18 MP: 1/1
   158 | D:1      | Reached XP level 2. HP: 24/24 MP: 2/2
   261 | D:1      | Reached skill level 3 in Axes
   357 | D:1      | Reached XP level 3. HP: 23/29 MP: 3/3
   966 | D:2      | Reached skill level 4 in Axes
   966 | D:2      | Reached XP level 4. HP: 27/35 MP: 4/4
  2087 | D:3      | Reached XP level 5. HP: 39/41 MP: 5/5
  2162 | D:3      | Found a stormy altar of Qazlal.
  2162 | D:3      | Found a sacrificial altar of Ru.
  2162 | D:3      | Noticed butimsolazy's ghost (weakling MiGl)
  2516 | D:3      | Reached skill level 5 in Axes
  3127 | D:3      | Found a faded altar of an unknown god.
  3221 | D:3      | You fall through a shaft for 3 floors!
  3245 | D:6      | Noticed an orc warrior
  3249 | D:6      | Reached XP level 6. HP: 47/47 MP: 6/6
  3254 | D:6      | Killed from afar by an orc priest

Vault maps used:
D:1:      lemuel_arrival_muddy
D:2:      minivault_25, minmay_misc_feat_cross
D:3:      amethyst_overflow_temple_binary, ecumenical_altar_2, first_bread
D:6:      grunt_temple_overflow_open, portal_sewer_entry_b, serial_shops,
          kennysheep_mini

Skill      XL: |  1  2  3  4  5 |
---------------+----------------+-----
Axes           | 3 4 5 |  5.7
Fighting       | |  3.2
Armour         | |  3.2
Shields        | |  3.6

Action                   |  1- 3 |  4- 6 || total
-------------------------+-------+-------++-------
Melee: War axe           |   104 |   128 ||   232
 Abil: Dig               |       |     1 ||     1
  Use: Potion            |       |     1 ||     1
  Eat: Chunk             |       |     8 ||     8
Armor: Scale mail        |    47 |    56 ||   103
Dodge: Dodged            |    30 |    33 ||    63
Block: Shield            |    47 |    63 ||   110
